 Dungeon Crawl Stone Soup version 0.18.1-6-gd335043 (webtiles) character file.

82 Jerry the Shield-Bearer (level 4, -5/37 HPs)
             Began as a Demigod Fighter on May 17, 2016.
             Slain by Robin
             ... wielding a +0 dagger of electrocution
              (16 damage)
             ... on level 2 of the Dungeon.
             The game lasted 00:02:57 (1712 turns).

Jerry the Shield-Bearer (Demigod Fighter)           Turns: 1712, Time: 00:02:59

Health: -5/37      AC:  6    Str: 21    XL:     4   Next: 1%
Magic:  6/6        EV:  2    Int: 12    God:
Gold:   84         SH: 10    Dex: 15    Spells: 0 memorised, 3 levels left

rFire  . . .     SeeInvis .     a - +0 flail
rCold  . . .     Gourm    .     b - +0 scale mail
rNeg   . . .     Faith    .     c - +0 shield
rPois  .         Spirit   .     (no helmet)
rElec  .         Dismiss  .     (no cloak)
rCorr  .         Reflect  .     (no gloves)
SustAt +         Harm     .     (no boots)
MR     .....                    (no amulet)
Stlth  ..........               (no ring)
                                (no ring)

@: not resistant to hostile enchantments, extremely unstealthy
A: high mp 1, sustain attributes
a: no special abilities


You were on level 2 of the Dungeon.
You were hungry.

You visited 1 branch of the dungeon, and saw 2 of its levels.

You collected 84 gold pieces.

Inventory:

Hand Weapons
 a - a +0 flail (weapon)
Armour
 b - a +0 scale mail (worn)
 c - a +0 shield (worn)
Scrolls
 e - 2 scrolls of enchant armour {unknown}
 g - 2 scrolls of remove curse {unknown}
 h - a scroll of fog {unknown}
 i - 2 scrolls of teleportation {unknown}
 l - a scroll of fear {unknown}
 m - 2 scrolls of enchant weapon {unknown}
 o - a scroll of immolation {unknown}
 p - a scroll of amnesia {unknown}
 s - 2 scrolls of identify {unknown}
Potions
 d - a potion of might
 j - a potion of resistance {unknown}
 k - a potion of cure mutation {unknown}
 n - 4 potions of haste {unknown}
 q - a potion of lignification {unknown}
 r - a potion of curing {unknown}
 u - a potion of brilliance {unknown}
Comestibles
 f - 3 bread rations
 t - a meat ration


   Skills:
 - Level 2.6 Fighting
 - Level 1.7 Maces & Flails
 + Level 3.6 Armour
 + Level 3.8 Shields


You had 3 spell levels left.
You didn't know any spells.

Dungeon Overview and Level Annotations

Branches:
Dungeon (2/15)

Annotations:
D:2 Robin


Innate Abilities, Weirdness & Mutations

You have an increased reservoir of magic (+10% MP).
Your attributes are resistant to harm.


Message History

Robin drinks a potion.
Robin goes berserk!
The hobgoblin hits you but does no damage.
The goblin hits you with a club. You block Robin's attack.
The hobgoblin barely misses you.
You sock Robin!
Robin is heavily wounded.
The hobgoblin no longer looks unusually strong.
Robin hits you with a dagger of electrocution.
The goblin hits you but does no damage. You block the hobgoblin's attack.
Robin hits you with a dagger of electrocution.
A goblin comes into view. It is wielding a dagger.
You can't go down here!
The goblin shouts!
You hear a shout!
Robin hits you but does no damage.
You are electrocuted!
You block the goblin's attack.
The hobgoblin hits you but does no damage.
Robin hits you with a dagger of electrocution.
* * * LOW HITPOINT WARNING * * *
You are electrocuted!
You die...

#.####..# #g.######.# #..#
#g.....>... #..#
##g......... #..#
#...######.# #..# #.#.# #.#
#### #..#####g#.# #.#
...#####.######.g.gg.g...#
#.#
).....##.......ggg####.#.##
#..
.#..#.##########@.####..#.##
#.> ......# #.g.....###.#
#.. .........
#...###..#.#####.# .......##
.......<..####...# ......##
##...###.#......... ......#
##.## #.##....^... ....).#
#.# #.##)###.### ..... #..#
.# #.# .# #.# .... #..# ...
.# #.#


You could see Robin (berserk), 3 hobgoblins and 3 goblins.

Vanquished Creatures
  Jessica (D:2)
  A gnoll (D:1)
  An adder (D:2)
  A dart slug (D:1)
  3 giant geckos (D:2)
  A ball python (D:2)
  A giant cockroach (D:2)
  4 goblins
  4 hobgoblins
  A quokka (D:2)
  5 bats (D:2)
  4 giant newts
  3 kobolds (D:2)
  2 rats (D:2)
32 creatures vanquished.

Notes
Turn   | Place    | Note
--------------------------------------------------------------
     0 | D:1      | Jerry the Demigod Fighter began the quest for the Orb.
     0 | D:1      | Reached XP level 1. HP: 18/18 MP: 3/3
   158 | D:1      | Reached XP level 2. HP: 25/25 MP: 4/4
  1021 | D:2      | Noticed Jessica
  1038 | D:2      | Killed Jessica
  1038 | D:2      | Reached XP level 3. HP: 25/30 MP: 5/5
  1667 | D:2      | Reached XP level 4. HP: 33/37 MP: 6/6
  1670 | D:2      | Noticed Robin
  1712 | D:2      | Slain by Robin

Skill      XL: |  1  2 |
---------------+-------+-----
Shields        | 3 |  3.8
Armour         | 3 |  3.6
Fighting       | |  2.6
Maces & Flails | |  1.7

Action                   |  1- 3 |  4- 6 || total
-------------------------+-------+-------++-------
Melee: Flail             |   109 |     7 ||   116
  Eat: Chunk             |     2 |       ||     2
Armor: Scale mail        |    65 |     7 ||    72
Dodge: Dodged            |    45 |     5 ||    50
Block: Shield            |    75 |     6 ||    81
